 Dungeon Crawl Stone Soup version 0.32-a0-918-g0f22ef8d61 (webtiles) character file.

Game seed: 15667816594233893424

1208 IndexError the Conjurer (level 8, 0/58 HPs)
             Began as a Gnoll Conjurer on Apr 10, 2024.
             Succumbed to a scorpion's poison
             ... on level 6 of the Dungeon.
             The game lasted 00:08:22 (5892 turns).

IndexError the Conjurer (Gnoll Conjurer)            Turns: 5892, Time: 00:08:23

Health: 0/58       AC:  2    Str:  6    XL:     8   Next: 45%
Magic:  15/17      EV: 12    Int: 21    God:
Gold:   215        SH:  0    Dex: 10    Spells: 16/19 levels left

rFire   + . .        y - +6 shillelagh "Devastator" {shatter}
rCold   + . .        (no shield)
rNeg    . . .        a - +0 robe
rPois   .            (no helmet)
rElec   .            x - scarf {rC+ rF+}
rCorr   .            (no gloves)
SInv    .            (no boots)
Will    .....        (no amulet)
Stlth   +            (no ring)
HPRegen 0.29/turn    (no ring)
MPRegen 0.15/turn

%: no passive effects
@: confused, lethally poisoned (0 -> -8)
A: fangs 1, strong nose, distributed training
a: no special abilities


You were on level 6 of the Dungeon.
You visited 2 branches of the dungeon, and saw 7 of its levels.

You collected 215 gold pieces.

Inventory:

Hand Weapons
 y - the +6 shillelagh "Devastator" (weapon) {shatter}
   (You found it on level 5 of the Dungeon)
Missiles
 l - 2 javelins
Armour
 a - a +0 robe (worn)
 x - a scarf of resistance (worn)
   (You found it on level 5 of the Dungeon)
Wands
 v - a wand of quicksilver (4)
   (You found it on level 5 of the Dungeon)
Scrolls
 c - a scroll of summoning {unknown}
 e - 5 scrolls of identify {unknown}
 h - a scroll of amnesia {unknown}
 i - 5 scrolls of teleportation
 j - a scroll of poison {unknown}
 m - 3 scrolls of enchant armour {unknown}
 n - a scroll of immolation {unknown}
 r - a scroll of revelation {unknown}
 u - a scroll of enchant weapon {unknown}
Potions
 b - a potion of magic
 d - a potion of resistance {unknown}
 g - 3 potions of attraction {unknown}
 k - 4 potions of curing {unknown}
 o - a potion of haste {unknown}
 p - a potion of enlightenment {unknown}
 q - a potion of berserk rage {unknown}
 s - a potion of lignification {unknown}
 t - 2 potions of heal wounds {unknown}
 w - a potion of invisibility {unknown}


   Skills:
 + Level 3.4 Fighting
 + Level 3.4 Short Blades
 + Level 3.4 Long Blades
 + Level 3.4 Axes
 + Level 3.4 Maces & Flails
 + Level 3.4 Polearms
 + Level 3.4 Staves
 + Level 3.4 Ranged Weapons
 + Level 3.4 Throwing
 + Level 3.4 Armour
 + Level 5.8 Dodging
 + Level 5.4 Stealth
 + Level 3.4 Shields
 + Level 3.4 Unarmed Combat
 + Level 6.1 Spellcasting
 + Level 7.7 Conjurations
 + Level 2.8 Hexes
 + Level 2.8 Summonings
 + Level 2.8 Necromancy
 + Level 2.8 Translocations
 + Level 2.8 Fire Magic
 + Level 2.8 Ice Magic
 + Level 2.8 Air Magic
 + Level 2.8 Earth Magic
 + Level 2.8 Alchemy
 + Level 3.7 Invocations
 + Level 3.4 Evocations
 + Level 3.1 Shapeshifting


You had 16 spell levels left.
You knew the following spells:

 Your Spells              Type           Power      Damage    Failure   Level
a - Magic Dart            Conj           100%       1d8       1%          1
b - Searing Ray           Conj           76%        2d7       1%          2

Your spell library contained the following spells:

 Spells                   Type           Power      Damage    Failure   Level
 Dazzling Flash           Conj/Hex       56%        N/A       3%          3
 Fulminant Prism          Conj/Alch      14%        3d8       11%         4
 Iskenderun's Mystic Bla Conj/Tloc 28%            2d7        (+2d3     11%         4
 Starburst                Conj/Fire      14%        6d6       86%         6
 Maxwell's Capacitive Co  Air            9%         ∞         100%        8


Dungeon Overview and Level Annotations

Branches:
Dungeon (6/15)             Temple (1/1) D:5

Altars:
Elyvilon
Fedhas
Gozag
Kikubaaqudgha
Makhleb
Nemelex Xobeh
Okawaru
Sif Muna
Trog
Uskayaw
Vehumet
Yredelemnul
The Shining One

Shops:
D:6 ?

Annotations:
D:6 exclusion: centaur, Maggie


Innate Abilities, Weirdness & Mutations

You have very sharp teeth.
Your uncanny sense of smell can sniff out nearby items.
Your experience applies equally to all skills.


Message History

You take 7 damage, and have 51/58 hp.
You sock the gnoll!
The gnolls shudder.
The gnoll hits you from afar with a +0 halberd!
You take 8 damage, and have 43/58 hp.
The gnoll misses you.
A phantom comes into view.
You see here a +0 club.
You hit the gnoll. You hit the phantom. Your bite misses the phantom.
You hear a loud, deep croak!
A gnoll comes into view. It is wielding a +0 whip.
The phantom hits you.
The phantom blinks!
You blink.
The phantom hits you.
You take 6 damage, and have 38/58 hp.
You barely miss the phantom. The phantom hits you.
You take 5 damage, and have 33/58 hp.
You are too injured to fight recklessly!
You are too injured to fight recklessly!
You are too injured to fight recklessly!
You closely miss the phantom. The phantom misses you.
You hit the phantom.
The gnoll shudders.
A bullfrog comes into view.
The gnoll hits you with a +0 whip. The phantom misses you.
You take 1 damage, and have 32/58 hp.
You hit the phantom.
The gnoll shudders.
Your Shapeshifting skill increases to level 3!
You miss the bullfrog. The bullfrog hits you. x2
You take 8 damage, and have 25/58 hp.
You hit the bullfrog.
The bullfrog shudders.
Your bite misses the bullfrog. The bullfrog misses you.
You thump the bullfrog!
Things that are here:
a +0 whip; a bullfrog corpse; a gnoll corpse You are too injured to fight recklessly!
A bullfrog comes into view.
You regained 28 hp, and now have 54/58 hp.
MP restored: 17 The bullfrog croaks.
You hit the bullfrog.
The bullfrog shudders.
The bullfrog hits you. The bullfrog barely misses you.
You take 2 damage, and have 52/58 hp.
You hit the bullfrog.
The bullfrog shudders.
No target in view!
No target in view!
There is an entrance to Rifat's Magic Scroll Shop here.
Health restored: 58
As you read the scroll labelled JOPLOURUBU, it crumbles to dust.
You feel strangely unstable.
It was a scroll of teleportation.
Your surroundings suddenly seem different.
Maggie and a scorpion come into view.
Maggie is wielding a +0 heavy war axe.
Maggie shouts!
You hear a shout!
An orc wizard comes into view. It is wielding a +0 dagger.
Maggie casts a spell.
Maggie attempts to bespell you!
You are mesmerised by Maggie!
Casting: Searing Ray (safe; 1% risk of failure)
Confirm with . or Enter, or press ? or * to list all spells.
Aiming: Searing Ray (safe; 1% risk of failure)
Press: ? - help, Shift-Dir - straight line, f - Maggie
Aim: Maggie, wielding a +0 heavy war axe and wearing +0 swamp dragon scales (mesmerising, 83% to hit)
The searing ray hits Maggie! (Press . to maintain the ray.)
The orc wizard shouts!
The orc wizard gestures wildly while chanting.
The orc wizard flickers and vanishes!
Deactivating autopickup; reactivate with Ctrl-A.
Maggie points at you and mumbles some strange words.
The bolt of fire hits you! You resist.
You take 7 damage, and have 51/58 hp.
You now have 15/17 mp.
The searing ray misses Maggie.
You are confused.
You now have 14/17 mp.
You bump into the stone wall.
Maggie hits you with a +0 heavy war axe!!
You take 24 damage, and have 27/58 hp.
MASSIVE DAMAGE!!
You closely miss the scorpion.
You hear some strange, mumbled words.
You are more confused.
The scorpion misses you. Maggie completely misses you.
You bump into the stone wall.
The scorpion stings you!
An orc comes into view. It is wielding a +0 hand axe.
You take 7 damage, and have 20/58 hp.
You bump into the stone wall.
You break out of your daze.
The scorpion stings you!
* * * LOW HITPOINT WARNING * * *
A magic dart appears from out of thin air!
The magic dart hits you!
* * * LOW HITPOINT WARNING * * *
Maggie misses you.
You take 13 damage, and have 7/58 hp.
MASSIVE DAMAGE!!
You hit Maggie but do no damage. The scorpion stings you.
* * * LOW HITPOINT WARNING * * *
You are lethally poisoned!
The scorpion poisons you!
A howler monkey comes into view.
The scorpion closely misses you. Maggie misses you.
You take 4 damage, and have 3/58 hp.
The howler monkey howls!
You hit the scorpion but do no damage. Your bite misses the scorpion.
You die...

# #. #.#
... #.##
...
##.###s##
#.....@@#
..##.##...#
#.#.#
..#.o. ∆
#.# #.# #..
..# ..# ##
h##


You could see Maggie, a scorpion, a howler monkey and an orc.

Vanquished Creatures
  Duvessa (D:5)
  4 ogres
  A black bear (D:5)
  A phantom (D:6)
  2 bullfrogs (D:6)
  A scorpion (D:4)
  Dowan (D:5)
  A howler monkey (D:6)
  2 hounds
  A jelly (D:5)
  An orc priest (D:4)
  An iguana (D:4)
  A sleepcap (D:6)
  3 gnolls (D:6)
  5 adders
  A white imp (D:5)
  2 dart slugs
  8 orcs
  5 bats
  6 endoplasms
  2 giant cockroaches
  6 hobgoblins
  3 jackals (D:2)
  6 quokkas
  11 ball pythons
  2 frilled lizards (D:2)
  7 goblins
  12 kobolds
  6 rats
103 creatures vanquished.

Notes
Turn   | Place    | Note
-------+----------+-------------------------------------------
     0 | D:1      | IndexError the Gnoll Conjurer began the quest for the Orb.
     0 | D:1      | Reached XP level 1. HP: 13/13 MP: 6/6
   349 | D:1      | Reached XP level 2. HP: 19/19 MP: 5/7
  1056 | D:1      | Reached skill level 5 in Spellcasting
  1056 | D:1      | Reached XP level 3. HP: 25/25 MP: 6/9
  1109 | D:2      | Learned a level 2 spell: Searing Ray
  1112 | D:2      | You fall into a shaft and drop 2 floors!
  1341 | D:3      | Reached skill level 1 in Invocations
  1419 | D:3      | Found a white marble altar of Elyvilon.
  1499 | D:3      | Found a faded altar of an unknown god.
  1755 | D:3      | Reached skill level 1 in Fighting
  1755 | D:3      | Reached skill level 1 in Short Blades
  1755 | D:3      | Reached skill level 1 in Long Blades
  1755 | D:3      | Reached skill level 1 in Axes
  1755 | D:3      | Reached skill level 1 in Maces & Flails
  1755 | D:3      | Reached skill level 1 in Polearms
  1755 | D:3      | Reached skill level 1 in Staves
  1755 | D:3      | Reached skill level 1 in Ranged Weapons
  1755 | D:3      | Reached skill level 1 in Throwing
  1755 | D:3      | Reached skill level 1 in Armour
  1755 | D:3      | Reached skill level 1 in Shields
  1755 | D:3      | Reached skill level 1 in Unarmed Combat
  1755 | D:3      | Reached skill level 1 in Evocations
  2025 | D:2      | Reached skill level 1 in Shapeshifting
  2025 | D:2      | Reached XP level 4. HP: 32/32 MP: 7/11
  2237 | D:2      | Reached skill level 1 in Hexes
  2237 | D:2      | Reached skill level 1 in Summonings
  2237 | D:2      | Reached skill level 1 in Necromancy
  2237 | D:2      | Reached skill level 1 in Translocations
  2237 | D:2      | Reached skill level 1 in Fire Magic
  2237 | D:2      | Reached skill level 1 in Ice Magic
  2237 | D:2      | Reached skill level 1 in Air Magic
  2237 | D:2      | Reached skill level 1 in Earth Magic
  2237 | D:2      | Reached skill level 1 in Alchemy
  3184 | D:4      | Reached XP level 5. HP: 37/37 MP: 7/12
  3342 | D:4      | Reached skill level 2 in Invocations
  3486 | D:4      | Reached XP level 6. HP: 44/44 MP: 4/14
  3651 | D:4      | Found a burning altar of Makhleb.
  3702 | D:4      | Reached skill level 2 in Fighting
  3702 | D:4      | Reached skill level 2 in Short Blades
  3702 | D:4      | Reached skill level 2 in Long Blades
  3702 | D:4      | Reached skill level 2 in Axes
  3702 | D:4      | Reached skill level 2 in Maces & Flails
  3702 | D:4      | Reached skill level 2 in Polearms
  3702 | D:4      | Reached skill level 2 in Staves
  3702 | D:4      | Reached skill level 2 in Ranged Weapons
  3702 | D:4      | Reached skill level 2 in Throwing
  3702 | D:4      | Reached skill level 2 in Armour
  3702 | D:4      | Reached skill level 5 in Dodging
  3702 | D:4      | Reached skill level 2 in Shields
  3702 | D:4      | Reached skill level 2 in Unarmed Combat
  3702 | D:4      | Reached skill level 2 in Evocations
  3914 | D:5      | Entered Level 5 of the Dungeon
  4211 | D:5      | Reached skill level 2 in Shapeshifting
  4426 | D:5      | Found a staircase to the Ecumenical Temple.
  4504 | Temple   | Entered the Ecumenical Temple
  4771 | D:5      | Noticed Duvessa
  4861 | D:5      | Reached skill level 2 in Hexes
  4861 | D:5      | Reached skill level 2 in Summonings
  4861 | D:5      | Reached skill level 2 in Necromancy
  4861 | D:5      | Reached skill level 2 in Translocations
  4861 | D:5      | Reached skill level 2 in Fire Magic
  4861 | D:5      | Reached skill level 2 in Ice Magic
  4861 | D:5      | Reached skill level 2 in Air Magic
  4861 | D:5      | Reached skill level 2 in Earth Magic
  4861 | D:5      | Reached skill level 2 in Alchemy
  4861 | D:5      | Reached XP level 7. HP: 51/51 MP: 6/15
  4887 | D:5      | HP: 10/51 [ogre/+0 giant club (32)]
  4891 | D:5      | Reached skill level 5 in Stealth
  4891 | D:5      | Reached skill level 3 in Invocations
  5044 | D:5      | Found the +6 shillelagh "Devastator" {shatter}
  5051 | D:5      | HP: 7/51 [black bear (6)]
  5051 | D:5      | HP: 3/51 [black bear (4)]
  5463 | D:5      | Noticed Dowan
  5481 | D:5      | Killed Dowan
  5481 | D:5      | Killed Duvessa
  5482 | D:5      | Reached skill level 3 in Fighting
  5482 | D:5      | Reached skill level 3 in Short Blades
  5482 | D:5      | Reached skill level 3 in Long Blades
  5482 | D:5      | Reached skill level 3 in Axes
  5482 | D:5      | Reached skill level 3 in Maces & Flails
  5482 | D:5      | Reached skill level 3 in Polearms
  5482 | D:5      | Reached skill level 3 in Staves
  5482 | D:5      | Reached skill level 3 in Ranged Weapons
  5482 | D:5      | Reached skill level 3 in Throwing
  5482 | D:5      | Reached skill level 3 in Armour
  5482 | D:5      | Reached skill level 3 in Shields
  5482 | D:5      | Reached skill level 3 in Unarmed Combat
  5482 | D:5      | Reached skill level 3 in Evocations
  5482 | D:5      | Reached XP level 8. HP: 56/58 MP: 16/16
  5734 | D:6      | Found Rifat's Magic Scroll Shop.
  5740 | D:6      | Reached skill level 6 in Spellcasting
  5757 | D:6      | Reached skill level 3 in Shapeshifting
  5883 | D:6      | Noticed Maggie
  5890 | D:6      | HP: 14/58 [scorpion (7)]
  5891 | D:6      | HP: 3/58 [scorpion (4)]
  5892 | D:6      | Succumbed to a scorpion's poison

Illustrated notes

Levels and vault maps discovered:
D:1:      shiori_shiawase, layout_loops_corners, minmay_misc_feat_tiny
D:2:      layout_basic
D:3:      layout_loops_ring, mainiacjoe_overflow_concentric_impassable,
          dreamdust_ecumenical_altar_angels_and_demons
D:4:      layout_rooms, mainiacjoe_overflow_alcove_2
D:5:      layout_basic, minmay_temple_entry_stoned_glass,
          dilly_guarded_unrand_devastator, uniq_duvessa
D:6:      layout_rooms, nicolae_ru_awakened_eye, lemuel_crystal_altar,
          serial_shops, shop, nicolae_concentric_dashed_squares_mild,
          uniq_crazy_yiuf_cottage, uniq_maggie
Temple:   bh_familiar_temple

Skill      XL: |  1  2  3  4  5  6  7  8 |
---------------+-------------------------+-----
Spellcasting   | 5 6 |  6.1
Invocations    | 1 2 3 |  3.7
Fighting       | 1 2 3 |  3.4
Short Blades   | 1 2 3 |  3.4
Long Blades    | 1 2 3 |  3.4
Axes           | 1 2 3 |  3.4
Maces & Flails | 1 2 3 |  3.4
Polearms       | 1 2 3 |  3.4
Staves         | 1 2 3 |  3.4
Ranged Weapons | 1 2 3 |  3.4
Throwing       | 1 2 3 |  3.4
Armour         | 1 2 3 |  3.4
Shields        | 1 2 3 |  3.4
Unarmed Combat | 1 2 3 |  3.4
Evocations     | 1 2 3 |  3.4
Shapeshifting  | 1 2 3 |  3.1
Hexes          | 1 2 |  2.8
Summonings     | 1 2 |  2.8
Necromancy     | 1 2 |  2.8
Translocations | 1 2 |  2.8
Fire Magic     | 1 2 |  2.8
Ice Magic      | 1 2 |  2.8
Air Magic      | 1 2 |  2.8
Earth Magic    | 1 2 |  2.8
Alchemy        | 1 2 |  2.8
Dodging        | 5 |  5.8
Stealth        | 5 |  5.4
Conjurations   | |  7.7

Action                     |  1- 3 |  4- 6 |  7- 9 || total
---------------------------+-------+-------+-------++-------
  Melee: Shillelagh        |       |       |    20 ||    20
         Bite              |       |       |     1 ||     1
   Cast: Magic Dart        |    60 |    83 |     3 ||   146
         Searing Ray       |       |     9 |    11 ||    20
  Evoke: Wand              |       |       |     4 ||     4
    Use: Scroll            |       |       |     1 ||     1
   Stab: Sleeping          |       |       |     1 ||     1
 Armour: Robe              |       |    13 |    33 ||    46
  Dodge: Dodged            |     1 |     9 |    24 ||    34

Table legend: (Time is in decaauts)
 A = Elapsed time spent in this place.
 B = Non-inter-level travel time spent in this place.
 C = Inter-level travel time spent in this place.
 D = Time resting spent in this place.
 E = Time spent auto-exploring this place.
 F = Levels seen in this place.
 G = Mean time per level.
                   A        B        C        D        E       F      G
               +--------+--------+--------+--------+--------+-----+--------+
         Total |   5895 |   5535 |    360 |      0 |   5005 |   7 |  842.1 |
       Dungeon |   5888 |   5528 |    360 |      0 |   5005 |   6 |  981.3 |
        Temple |      6 |      6 |      0 |      0 |      0 |   1 |    6.0 |
               +--------+--------+--------+--------+--------+-----+--------+

Top non-repeatable levels by time:
     D:5: 1630 daAuts
     D:1: 1105 daAuts
     D:2: 1074 daAuts
     D:4: 940 daAuts
     D:3: 847 daAuts
     D:6: 289 daAuts
  Temple: 6 daAuts

Levels and vault maps discovered:
D:1:      shiori_shiawase, layout_loops_corners, minmay_misc_feat_tiny
D:2:      layout_basic
D:3:      layout_loops_ring, mainiacjoe_overflow_concentric_impassable,
          dreamdust_ecumenical_altar_angels_and_demons
D:4:      layout_rooms, mainiacjoe_overflow_alcove_2
D:5:      layout_basic, minmay_temple_entry_stoned_glass,
          dilly_guarded_unrand_devastator, uniq_duvessa
D:6:      layout_rooms, nicolae_ru_awakened_eye, lemuel_crystal_altar,
          serial_shops, shop, nicolae_concentric_dashed_squares_mild,
          uniq_crazy_yiuf_cottage, uniq_maggie
Temple:   bh_familiar_temple

Table legend: (Time is in decaauts)
 A = Elapsed time spent in this place.
 B = Non-inter-level travel time spent in this place.
 C = Inter-level travel time spent in this place.
 D = Time resting spent in this place.
 E = Time spent auto-exploring this place.
 F = Levels seen in this place.
 G = Mean time per level.
                   A        B        C        D        E       F      G
               +--------+--------+--------+--------+--------+-----+--------+
         Total |   5895 |   5535 |    360 |      0 |   5005 |   7 |  842.1 |
       Dungeon |   5888 |   5528 |    360 |      0 |   5005 |   6 |  981.3 |
        Temple |      6 |      6 |      0 |      0 |      0 |   1 |    6.0 |
               +--------+--------+--------+--------+--------+-----+--------+

Top non-repeatable levels by time:
     D:5: 1630 daAuts
     D:1: 1105 daAuts
     D:2: 1074 daAuts
     D:4: 940 daAuts
     D:3: 847 daAuts
     D:6: 289 daAuts
  Temple: 6 daAuts

Table legend:
 A = Kills in this place as a percentage of kills in the entire game.
 B = Kills by you in this place as a percentage of kills by you in the entire game.
 C = Kills by friends in this place as a percentage of kills by friends in the entire game.
 D = Other kills in this place as a percentage of other kills in the entire game.
 E = Experience gained in this place as a percentage of experience gained in the entire game.
 F = Experience gained in this place divided by the number of levels of this place that you have seen.
                   A       B       C       D       E      F
               +-------+-------+-------+-------+-------+----------------------
         Total | 100.0 | 100.0 |   N/A |   N/A | 100.0 | 246.7
       Dungeon | 100.0 | 100.0 |   N/A |   N/A | 100.0 | 287.8
               +-------+-------+-------+-------+-------+----------------------
